 Dungeon Crawl Stone Soup version 0.30-a0-165-g1891117ce2 (webtiles) character file.

Game seed: 17035276118943403729

114 qw the Chopper (level 4, -2/28 HPs)
             Began as a Gargoyle Fighter on Sept 28, 2022.
             Killed from afar by Sigmund (7 damage)
             ... with a puff of flame
             ... on level 3 of the Dungeon.
             The game lasted 00:00:55 (2908 turns).

qw the Chopper (Gargoyle Fighter)                   Turns: 2908, Time: 00:00:55

Health: -2/28      AC: 10    Str: 22    XL:     4   Next: 97%
Magic:  4/4        EV:  6    Int:  8    God:
Gold:   152        SH:  4    Dex:  9    Spells: 3/3 levels left

rFire   . . .      SeeInvis .    Y - +0 war axe
rCold   . . .      Faith    .    c - +0 buckler
rNeg    + . .      Spirit   .    b - +0 scale mail
rPois   inf        Reflect  .    (no helmet)
rElec   +          Harm     .    (no cloak)
rCorr   .          Rampage  .    (no gloves)
Will    .....                    (no boots)
Stlth   ..........               (no amulet)
HPRegen 0.09/turn                (no ring)
MPRegen 0.09/turn                (no ring)

@: grasped by roots, constricted
A: sickness immunity, AC +3, negative energy resistance 1, electricity
resistance, torment resistance 1, petrification resistance
a: no special abilities


You were on level 3 of the Dungeon.
You visited 1 branch of the dungeon, and saw 3 of its levels.

You collected 152 gold pieces.


Innate Abilities, Weirdness & Mutations

You are immune to sickness and miasma.
Your stone body is resilient. (AC +3)
You are immune to poison.
You resist negative energy. (rN+)
You are resistant to electric shocks. (rElec)
You are resistant to unholy torment.
You are immune to petrification.


   Skills:
 - Level 3.2 Fighting
 + Level 4.5 Axes
 - Level 3.2 Armour
 - Level 3.2 Shields


You had 3 spell levels left.
You didn't know any spells.
Your spell library was empty.

Inventory:

Hand Weapons
 g - a +0 mace
 Y - a +0 war axe (weapon)
Armour
 b - a +0 scale mail (worn)
 c - a +0 buckler (worn)
 e - a +2 robe of resistance
Jewellery
 a - a ring of fire
Potions
 d - 2 potions of might
 f - a potion of heal wounds {unknown}
 k - a potion of resistance {unknown}
 l - a potion of haste {unknown}
 m - a potion of lignification {unknown}

Dungeon Overview and Level Annotations

Branches:
Dungeon (3/15)

Altars:

Shops:
D:1 :

Annotations:
D:2 1 runed translucent door, Crazy Yiuf
D:3 Sigmund


Message History

Sigmund is almost dead.
Sigmund casts a spell at you.
You are confused.
You bump into the rock wall.
Sigmund gestures wildly while chanting.
Sigmund flickers and vanishes!
Deactivating autopickup; reactivate with Ctrl-A.
You're too confused to attack without stumbling around!
There is a strange disturbance nearby!
You hear a zap.
The roots erupt in riotous growth!
The grasping roots grab you!
You are constricted.
You hear an angry hiss.
You're too confused to attack without stumbling around!
There is a strange disturbance nearby!
You hear some strange, mumbled words.
Something tries to affect you, but you resist.
You are constricted.
You're too confused to attack without stumbling around!
There is a strange disturbance nearby!
Something hits you.
You are constricted.
You're too confused to attack without stumbling around!
There is a strange disturbance nearby!
You feel less confused.
The grasping roots release their grip on you.
You closely miss something.
You hear a zap.
The roots erupt in riotous growth!
The grasping roots grab you!
You are constricted.
You hear an angry hiss.
You closely miss something. Something hits you.
You are constricted.
A frilled lizard comes into view.
You hit something but do no damage.
You hear some strange, mumbled words.
A puff of flame appears from out of thin air!
The puff of flame hits you!
You die...

### #.. #.#### #....#
###### #..#.##
#....######.)#.#<
#....##......#.#.
########....##..###.#.#.
.l....{@......>.# #.#...
########....##).# #.####
#....##..# ..#
#....##..# ###
#....##..# ###......#
#####.## #.#


You could see a frilled lizard.

Vanquished Creatures
  Jessica (D:3)
  An adder (D:2)
  2 worms (D:2)
  3 dart slugs
  3 ball pythons (D:1)
  12 bats
  6 endoplasms
  3 giant cockroaches
  8 goblins
  2 hobgoblins
  6 jackals
  3 kobolds
  3 quokkas
  5 frilled lizards
  2 rats
60 creatures vanquished.

Notes
Turn   | Place    | Note
-------+----------+-------------------------------------------
     0 | D:1      | qw the Gargoyle Fighter began the quest for the Orb.
     0 | D:1      | Reached XP level 1. HP: 14/14 MP: 1/1
     0 | D:1      | 0 ||| qw: Version: 0.2-a-12-gaebbb33
     0 | D:1      | 0 ||| qw: Game counter: 754
     0 | D:1      | 0 ||| qw: Always use a shield: true
     0 | D:1      | 0 ||| qw: God list: Okawaru
     0 | D:1      | 0 ||| qw: Allow faded altars: false
     0 | D:1      | 0 ||| qw: Do Orc after D:15 true
     0 | D:1      | 0 ||| qw: Do second Lair branch before Depths: true
     0 | D:1      | 0 ||| qw: Lair rune preference: random
     0 | D:1      | 0 ||| qw: Plans: Normal, Zot:1-4, God:TSO, Crypt, Tomb,
                  | Pan, Slime:5, Hells, Abyss, Orb
     0 | D:1      | 0 ||| PLANNING D:1-11
    56 | D:1      | 56 ||| Stepping ~*~*~tactically~*~*~ (stealth).
    61 | D:1      | Reached skill level 2 in Axes
   152 | D:1      | Reached XP level 2. HP: 10/19 MP: 2/2
   584 | D:1      | Reached skill level 3 in Axes
   715 | D:1      | Found a faded altar of an unknown god.
   752 | D:1      | Found Wuejug's Book Emporium.
   762 | D:1      | Reached XP level 3. HP: 17/23 MP: 3/3
   998 | D:1      | 998 ||| Stepping ~*~*~tactically~*~*~ (hiding).
  1388 | D:1      | 1388 ||| READING scroll labelled GUETUGG BUARR.
  1389 | D:1      | 1389 ||| READING scroll labelled KIOSEOM VUHU.
  1441 | D:1      | 1441 ||| READING scroll labelled GARIALL ACHEQU.
  1442 | D:1      | 1442 ||| READING scroll labelled HEINAURITT.
  1443 | D:1      | 1443 ||| DRINKING 2 inky potions.
  1548 | D:1      | 1548 ||| DROPPING potion of berserk rage.
  1853 | D:2      | Reached XP level 4. HP: 25/28 MP: 4/4
  1900 | D:2      | 1900 ||| Stepping ~*~*~tactically~*~*~ (stealth).
  1995 | D:2      | Reached skill level 4 in Axes
  2107 | D:2      | 2107 ||| DROPPING +0 club.
  2423 | D:2      | Found a runed translucent door.
  2424 | D:2      | Noticed Crazy Yiuf
  2637 | D:3      | Noticed Jessica
  2643 | D:3      | Killed Jessica
  2893 | D:3      | Noticed Sigmund
  2906 | D:3      | HP: 7/28 [something (3)]
  2908 | D:3      | Killed from afar by Sigmund

Levels and vault maps discovered:
D:1:      dpeg_arrival_signposts, layout_loops_ring, serial_shops, shop,
          ebering_ecumenical_altar_webs, minmay_domino_4
D:2:      layout_loops_ring, uniq_crazy_yiuf_cottage
D:3:      kennysheep_the_goblin_king, layout_basic,
          nicolae_ru_sacrificial_ziggurat, lemuel_tele_altar, serial_shops,
          shop_fountains, uniq_jessica, uniq_sigmund, uniq_natasha, uniq_ijyb,
          uniq_grinder

Skill      XL: |  1  2  3  4 |
---------------+-------------+-----
Axes           | 2 3 4 |  4.5
Fighting       | |  3.2
Armour         | |  3.2
Shields        | |  3.2

Action                   |  1- 3 |  4- 6 || total
-------------------------+-------+-------++-------
Melee: War axe           |   134 |    63 ||   197
  Use: Scroll            |     4 |       ||     4
       Potion            |     1 |       ||     1
Armor: Scale mail        |    87 |    31 ||   118
Dodge: Dodged            |    62 |    26 ||    88
Block: Buckler           |    21 |     8 ||    29

Table legend:
 A = Non-vault XP
 B = Vault XP
 C = Vault XP percentage of total XP
 D = Non-vault monster count
 E = Vault monster count
 F = Vault count percentage of total count
                 A         B        C        D         E       F
            +---------+---------+-------+---------+---------+-------
      Total |     121 |      42 |  25.8 |      56 |       4 |   6.7
            +---------+---------+-------+---------+---------+-------
        D:1 |      47 |       5 |   9.6 |      27 |       3 |  10.0
        D:2 |      69 |       0 |   0.0 |      26 |       0 |   0.0
        D:3 |       5 |      37 |  88.1 |       3 |       1 |  25.0
            +---------+---------+-------+---------+---------+-------
